 Dungeon Crawl Stone Soup version 0.29-a0-334-gb41bcbb86e (webtiles) character file.

Game seed: 6564696881846882027

2520 rabbitsville the Basher (level 9, -3/59 HPs)
             Began as a Gargoyle Fighter on Apr 15, 2022.
             Slain by a two-headed ogre
             ... wielding a +0 giant club
              (19 damage)
             ... on level 7 of the Dungeon.
             The game lasted 00:13:58 (6619 turns).

rabbitsville the Basher (Gargoyle Fighter)          Turns: 6619, Time: 00:13:58

Health: -3/59      AC: 24    Str: 24    XL:     9   Next: 54%
Magic:  9/9        EV:  6    Int: 14    God:
Gold:   400        SH:  4    Dex:  9    Spells: 8/8 levels left

rFire   . . .      SeeInvis .   d - +2 flail (protect)
rCold   . . .      Faith    .   c - +0 buckler
rNeg    + . .      Spirit   .   h - +0 plate armour
rPois   ∞          Reflect  .   (no helmet)
rElec   +          Harm     .   (no cloak)
rCorr   .          Rampage  .   (no gloves)
Will    +....                   (no boots)
Stlth   ..........              r - amulet "Yplusm" {Acrobat Int+5}
HPRegen 0.19/turn               j - ring of flight
MPRegen 0.11/turn               w - ring of willpower

@: under a protective aura, flying
A: sickness immunity, AC +6, negative energy resistance 1, electricity
resistance, torment resistance 1, petrification resistance
a: no special abilities


You were on level 7 of the Dungeon.
You visited 1 branch of the dungeon, and saw 7 of its levels.

You collected 400 gold pieces.

Inventory:

Hand Weapons
 a - a +0 flail
 d - a +2 flail of protection (weapon)
 o - the +6 dagger of Checks and Balances {vorpal, rF+ Str-2 Int+9 Dex+3}
   (You found it on level 2 of the Dungeon)

   It inflicts extra damage upon your enemies.
   Str:       It affects your strength (-2).
   Int:       It affects your intelligence (+9).
   Dex:       It affects your dexterity (+3).
   rF:        It protects you from fire.
Missiles
 e - a boomerang (quivered)
Armour
 b - a +0 scale mail
 c - a +0 buckler (worn)
 h - a +0 plate armour (worn)
Jewellery
 j - a ring of flight (left hand)
 r - the amulet "Yplusm" (around neck) {Acrobat Int+5}
   (You found it on level 2 of the Dungeon)

   [amulet of the acrobat]

   It increases your evasion while moving and waiting.
   Int:       It affects your intelligence (+5).
 w - a ring of willpower (right hand)
 y - an amulet of regeneration
Wands
 s - a wand of iceblast (20)
Scrolls
 g - 6 scrolls of identify {unknown}
 i - 3 scrolls of vulnerability {unknown}
 k - 2 scrolls of fear {unknown}
 m - a scroll of enchant armour {unknown}
 p - 2 scrolls of teleportation
 q - 2 scrolls of amnesia {unknown}
 t - a scroll of magic mapping {unknown}
 v - 2 scrolls of enchant weapon {unknown}
 A - a scroll of fog {unknown}
Potions
 f - a potion of curing
 l - 3 potions of berserk rage {unknown}
 n - 4 potions of attraction {unknown}
 u - 2 potions of ambrosia {unknown}
 x - a potion of might
 z - a potion of resistance


   Skills:
 + Level 7.9 Fighting
 * Level 8.1 Maces & Flails
 + Level 5.8 Throwing
 - Level 3.2 Armour
 - Level 5.0 Shields


You had 8 spell levels left.
You didn't know any spells.
Your spell library contained the following spells:

 Spells                   Type           Power      Damage    Failure   Level
 Corpse Rot               Necr/Air       0%         N/A       100%        2
 Poisonous Vapours        Pois/Air       0%         N/A       100%        2


Dungeon Overview and Level Annotations

Branches:
Dungeon (7/15)
 Temple: D:4-7

Altars:

Annotations:
D:7 4 runed translucent doors


Innate Abilities, Weirdness & Mutations

You are immune to sickness and miasma.
Your stone body is resilient. (AC +6)
You are immune to poison.
You resist negative energy. (rN+)
You are resistant to electric shocks. (rElec)
You are resistant to unholy torment.
You are immune to petrification.


Message History

Your weapon exudes an aura of protection.
Something hits you but does no damage. Something closely misses you.
You sock something! Something hits you.
Something hits you but does no damage. x2
You barely miss something. Something hits you. x2
You hit something but do no damage. You block something's attack.
Something barely misses you.
You hit something. Something hits you but does no damage.
An orc warrior comes into view. It is wielding a +0 long sword.
The orc warrior shouts!
You hear a shout!
Something hits you but does no damage.
A deep elf pyromancer comes into view. It is wielding a +0 long sword.
Something hits you but does no damage. Something hits you but does no damage.
As you read the scroll of teleportation, it crumbles to dust.
You feel strangely unstable.
Something hits you but does no damage. x3
Something barely misses you. Something hits you.
There is an open door here.
Your surroundings suddenly seem different.
A two-headed ogre comes into view. It is wielding two +0 giant clubs.
You throw a boomerang. The boomerang hits the two-headed ogre!
The two-headed ogre is lightly wounded.
You throw a boomerang. The boomerang hits the two-headed ogre!
The two-headed ogre is moderately wounded.
You throw a boomerang.
The boomerang hits the two-headed ogre but does no damage.
The two-headed ogre is moderately wounded.
You throw a boomerang. The boomerang hits the two-headed ogre!
The two-headed ogre is heavily wounded.
You sock the two-headed ogre!
Your weapon exudes an aura of protection.
The two-headed ogre is severely wounded.
The two-headed ogre hits you with a +0 giant club! x2
* * * LOW HITPOINT WARNING * * *
You hit the two-headed ogre.
The two-headed ogre is severely wounded.
The two-headed ogre hits you but does no damage.
The two-headed ogre hits you with a +0 giant club!!
You die...

........##...###
......##.......#
#.#
#####.....####..
#.# #...### #.
+.# #....## +.#
##.....## #.#
##..#....## #.#
###...####.O###.#
..###..#..#
###@...#
.....####.##
##..## #..###
##.# #.# #.## ###
## #.# #.# #.#
###


You could see a two-headed ogre.

Vanquished Creatures
  A shadow (D:6)
  Sigmund (D:6)
  Eustachio (D:5)
  Menkaure (D:5)
  Edmund (D:5)
  A water moccasin (D:5)
  An orc warrior (D:6)
  4 ice beasts
  An ogre (D:6)
  A centaur (D:7)
  Blork the orc (D:5)
  A bullfrog (D:6)
  A scorpion (D:6)
  3 howler monkeys
  2 jellies
  3 hounds
  2 orc priests (D:6)
  2 gnoll shamans
  7 iguanas
  3 orc wizards
  Natasha (twice) (D:3)
  Robin (D:3)
  8 gnolls
  2 adders
  3 ufetubi
  A worm (D:2)
  2 dart slugs
  23 orcs
  10 endoplasms
  A giant cockroach (D:1)
  13 goblins
  4 hobgoblins
  10 jackals
  7 kobolds
  3 quokkas
  4 ball pythons
  8 bats
  3 frilled lizards (D:1)
  5 rats
148 creatures vanquished.

Notes
Turn   | Place    | Note
-------+----------+-------------------------------------------
     0 | D:1      | rabbitsville the Gargoyle Fighter began the quest for the
                  | Orb.
     0 | D:1      | Reached XP level 1. HP: 14/14 MP: 1/1
   230 | D:1      | Found a faded altar of an unknown god.
   277 | D:1      | Reached XP level 2. HP: 19/19 MP: 2/2
   445 | D:1      | Reached XP level 3. HP: 22/23 MP: 3/3
   450 | D:1      | Reached skill level 1 in Throwing
   801 | D:1      | Reached skill level 3 in Maces & Flails
   994 | D:2      | Identified the +6 dagger of Checks and Balances {vorpal,
                  | rF+ Str-2 Int+9 Dex+3}
  1126 | D:2      | Reached XP level 4. HP: 25/29 MP: 4/4
  1440 | D:2      | Identified the amulet "Yplusm" {Acrobat Int+5}
  1830 | D:3      | Noticed Natasha
  1845 | D:3      | Killed Natasha
  2110 | D:3      | Reached XP level 5. HP: 30/33 MP: 5/5
  2175 | D:3      | Noticed Robin
  2192 | D:3      | Killed Robin
  2193 | D:3      | Reached skill level 4 in Maces & Flails
  2348 | D:3      | Noticed Natasha
  2354 | D:3      | Killed Natasha
  2558 | D:4      | Reached XP level 6. HP: 14/39 MP: 6/6
  3240 | D:5      | Entered Level 5 of the Dungeon
  3240 | D:5      | Noticed Menkaure
  3246 | D:5      | Killed Menkaure
  3247 | D:5      | Reached skill level 5 in Maces & Flails
  3256 | D:5      | Reached skill level 5 in Fighting
  3313 | D:5      | Reached XP level 7. HP: 24/44 MP: 7/7
  3461 | D:5      | Noticed Eustachio
  3477 | D:5      | Killed Eustachio
  4100 | D:5      | Noticed Edmund
  4217 | D:5      | HP: 2/46 [Edmund/+2 flail of protection (4)]
  4220 | D:5      | Killed Edmund
  4221 | D:5      | Reached skill level 5 in Shields
  4221 | D:5      | Reached XP level 8. HP: 2/51 MP: 8/8
  4516 | D:5      | Noticed Blork the orc
  4525 | D:5      | Killed Blork the orc
  4974 | D:6      | Reached skill level 6 in Maces & Flails
  5029 | D:6      | Noticed a shadow
  5041 | D:6      | Killed a shadow
  5087 | D:6      | Reached skill level 5 in Throwing
  5273 | D:6      | Reached XP level 9. HP: 57/57 MP: 9/9
  5305 | D:6      | Noticed Sigmund
  5312 | D:6      | Reached skill level 7 in Maces & Flails
  5321 | D:6      | Killed Sigmund
  6398 | D:7      | Found a large runed translucent door.
  6398 | D:7      | Found a large runed translucent door.
  6402 | D:7      | Found a large runed translucent door.
  6402 | D:7      | Found a large runed translucent door.
  6403 | D:7      | Noticed a green ugly thing
  6403 | D:7      | Noticed a troll
  6483 | D:7      | Reached skill level 8 in Maces & Flails
  6601 | D:7      | Noticed a deep elf pyromancer
  6611 | D:7      | Noticed a two-headed ogre
  6619 | D:7      | Slain by a two-headed ogre

Illustrated notes

Levels and vault maps discovered:
D:1:      pf_arrival_petrified_forest, layout_basic,
          hellmonk_ecumenical_altar_pennies_from_heaven, minmay_fountain_box
D:2:      layout_basic
D:3:      layout_loops_ring, uniq_robin, uniq_natasha
D:4:      layout_cave_pools, minmay_distorted
D:5:      layout_basic, uniq_menkaure, uniq_blork_the_orc, uniq_eustachio,
          uniq_edmund
D:6:      layout_basic, kennysheep_generic_room_8, uniq_sigmund
D:7:      layout_layer_cave, minmay_temple_entry_large_hall,
          minmay_hollow_rounded_squares

Skill      XL: |  1  2  3  4  5  6  7  8  9 |
---------------+----------------------------+-----
Throwing       | 1 2 4 5 |  5.8
Maces & Flails | 3 4 5 6 8 |  8.1
Fighting       | 4 5 6 7 |  7.9
Shields        | 5 |  5.0
Armour         | |  3.2

Action                   |  1- 3 |  4- 6 |  7- 9 || total
-------------------------+-------+-------+-------++-------
Melee: Flail             |   115 |       |   247 ||   362
       Dagger            |     9 |   136 |    69 ||   214
Throw: Boomerang         |     7 |     7 |    11 ||    25
  Use: Potion            |       |       |     4 ||     4
       Scroll            |       |       |     2 ||     2
Armor: Plate armour      |   109 |    58 |   166 ||   333
       Scale mail        |     4 |       |       ||     4
Dodge: Dodged            |    37 |    43 |   109 ||   189
Block: Buckler           |    38 |    19 |    61 ||   118

Table legend: (Time is in decaauts)
 A = Elapsed time spent in this place.
 B = Non-inter-level travel time spent in this place.
 C = Inter-level travel time spent in this place.
 D = Time resting spent in this place.
 E = Time spent auto-exploring this place.
 F = Levels seen in this place.
 G = Mean time per level.
                   A        B        C        D        E       F      G
               +--------+--------+--------+--------+--------+-----+--------+
         Total |   6692 |   6554 |    138 |   1118 |   3757 |   7 |  956.0 |
       Dungeon |   6692 |   6554 |    138 |   1118 |   3757 |   7 |  956.0 |
               +--------+--------+--------+--------+--------+-----+--------+

Top non-repeatable levels by time:
     D:5: 1679 daAuts
     D:6: 1432 daAuts
     D:2: 995 daAuts
     D:1: 892 daAuts
     D:4: 818 daAuts
     D:3: 579 daAuts
     D:7: 294 daAuts
